 Dungeon Crawl Stone Soup version 0.30-a0-920-g7493c07aab (webtiles) character file.

Game seed: 10384969985593050630

606 cforsyth the Shield-Bearer (level 7, -5/55 HPs)
             Began as a Human Fighter on Mar 21, 2023.
             Slain by an ogre
             ... wielding a +0 giant club
              (21 damage)
             ... on level 4 of the Dungeon.
             The game lasted 00:04:52 (4263 turns).

cforsyth the Shield-Bearer (Human Fighter)          Turns: 4263, Time: 00:04:53

Health: -5/55      AC: 12    Str: 18    XL:     7   Next: 71%
Magic:  7/7        EV:  9    Int:  8    God:
Gold:   200        SH:  5    Dex: 13    Spells: 6/6 levels left

rFire   . . .      SeeInvis .    a - +0 flail
rCold   + . .      Faith    .    c - +0 buckler
rNeg    . . .      Spirit   .    b - +0 scale mail
rPois   .          Reflect  .    (no helmet)
rElec   .          Rampage  .    l - +1 cloak
rCorr   +                        o - +1 pair of gloves
Will    .....                    t - +0 pair of boots Stlth
                                 (no amulet)
HPRegen 0.29/turn                r - ring of resist corrosion
MPRegen 0.10/turn                v - ring of protection from cold

@: no status effects
A: no striking features
a: no special abilities


You were on level 4 of the Dungeon.
You visited 1 branch of the dungeon, and saw 4 of its levels.

You collected 200 gold pieces.

Inventory:

Hand Weapons
 a - a +0 flail (weapon)
Missiles
 y - 2 throwing nets (quivered)
Armour
 b - a +0 scale mail (worn)
 c - a +0 buckler (worn)
 l - a +1 cloak (worn)
 o - a +1 pair of gloves (worn)
 t - a +0 pair of boots (worn)
Jewellery
 k - a +6 ring of intelligence
 r - a ring of resist corrosion (left hand)
 v - a ring of protection from cold (right hand)
Wands
 z - a wand of flame (19)
Scrolls
 e - 2 scrolls of enchant armour {unknown}
 f - 2 scrolls of noise {unknown}
 h - a scroll of amnesia {unknown}
 j - 2 scrolls of fog {unknown}
 n - 3 scrolls of identify {unknown}
 s - a scroll of vulnerability {unknown}
 x - a scroll of silence {unknown}
Potions
 d - a potion of might
 g - 2 potions of attraction {unknown}
 i - a potion of resistance {unknown}
 m - 2 potions of heal wounds {unknown}
 p - a potion of invisibility {unknown}
 q - a potion of brilliance {unknown}
 u - 2 potions of curing
 w - a potion of cancellation {unknown}


   Skills:
 + Level 4.9 Fighting
 + Level 4.3 Maces & Flails
 + Level 4.7 Armour
 + Level 4.9 Shields


You had 6 spell levels left.
You didn't know any spells.
Your spell library contained the following spells:

 Spells                   Type           Power      Damage    Failure   Level
 Magic Dart               Conj           0%         1d3       86%         1
 Call Imp                 Summ           0%         N/A       94%         2
 Mephitic Cloud           Conj/Pois/Air  0%         N/A       99%         3
 Animate Dead             Necr           0%         N/A       100%        4
 Borgnjor's Vile Clutch   Necr/Erth      0%         N/A       100%        5
 Death Channel            Necr           0%         N/A       100%        6


Dungeon Overview and Level Annotations

Branches:
Dungeon (4/15)
 Temple: D:4-7

Altars:
Elyvilon
Qazlal


Message History

No target in view!
No target in view!
No target in view!
No target in view!
j - 2 scrolls labelled DEAGGA YKLUN (gained 1)
You see here a +0 flail.
An ogre comes into view. It is wielding a +0 giant club.
Found a stone staircase leading up.
The ogre shouts!
An ogre is nearby!
An ogre is nearby!
An ogre is nearby!
You barely miss the ogre. The ogre hits you but does no damage.
You hit the ogre.
The ogre is lightly wounded.
The ogre hits you with a +0 giant club!
You thump the ogre!
The ogre is heavily wounded.
You block the ogre's attack.
You hit the ogre but do no damage.
The ogre is heavily wounded.
The ogre hits you with a +0 giant club!!
You are too injured to fight recklessly!
You are too injured to fight recklessly!
You are too injured to fight recklessly!
You are too injured to fight recklessly!
You are too injured to fight recklessly!
You are too injured to fight recklessly!
You are too injured to fight recklessly!
You are too injured to fight recklessly!
You hit the ogre.
The ogre is heavily wounded.
You completely miss the ogre.
The ogre is heavily wounded.
The ogre hits you with a +0 giant club!
* * * LOW HITPOINT WARNING * * *
You barely miss the ogre.
The ogre is heavily wounded.
The ogre hits you with a +0 giant club!!
You die...

###.#)# ####.###.#..#..#
#####>..#.# #.##.#.#..รท#.
...........# ##.#######.###
######...#######..)######..#
##.## #........).....# #.#
#.##...#########
#.#####.###.## #.......###.#
######@..##.# #.<.O.#.##.#
#.###...##.# ##.###.# .# ..
##


You could see an ogre.

Vanquished Creatures
  Grinder (D:3)
  A scorpion (D:4)
  2 orc priests (D:3)
  2 iguanas (D:4)
  An orc wizard (D:3)
  5 adders
  7 gnolls
  2 worms
  3 dart slugs
  11 orcs
  2 bats
  8 endoplasms
  2 giant cockroaches (D:1)
  4 goblins
  13 hobgoblins
  4 jackals
  5 quokkas
  5 ball pythons
  4 frilled lizards
  11 kobolds
  10 rats
103 creatures vanquished.

Notes
Turn   | Place    | Note
-------+----------+-------------------------------------------
     0 | D:1      | cforsyth the Human Fighter began the quest for the Orb.
     0 | D:1      | Reached XP level 1. HP: 18/18 MP: 1/1
   141 | D:1      | Reached XP level 2. HP: 14/24 MP: 2/2
   596 | D:1      | Reached XP level 3. HP: 29/29 MP: 3/3
  1131 | D:2      | Reached XP level 4. HP: 34/35 MP: 4/4
  1800 | D:1      | Reached XP level 5. HP: 37/42 MP: 5/5
  2646 | D:3      | Reached XP level 6. HP: 39/48 MP: 6/6
  2893 | D:3      | Noticed Grinder
  2904 | D:3      | Paralysed by Grinder for 3 turns
  3372 | D:3      | Killed Grinder
  3373 | D:3      | Reached XP level 7. HP: 47/55 MP: 7/7
  3855 | D:4      | Found a stormy altar of Qazlal.
  3855 | D:4      | Found a white marble altar of Elyvilon.
  4263 | D:4      | Slain by an ogre

Illustrated notes

Levels and vault maps discovered:
D:1:      scummos_arrival_forest, layout_basic, minmay_misc_feat_x, st_stairs_3
D:2:      minmay_skewed_foursquare, layout_loops_ring
D:3:      layout_loops_ring, uniq_grinder
D:4:      minmay_diamond_boxcup, layout_loops_ring, marbit_many_paths,
          gammafunk_temple_overflow_wave, minmay_temple_entry_overgrown,
          minivault_14, minmay_stone_trees_small

Skill      XL: |  1  2  3  4  5  6 |
---------------+-------------------+-----
Maces & Flails | 3 4 |  4.3
Fighting       | 4 |  4.9
Shields        | 4 |  4.9
Armour         | 4 |  4.7

Action                     |  1- 3 |  4- 6 |  7- 9 || total
---------------------------+-------+-------+-------++-------
  Melee: Flail             |   120 |   195 |   106 ||   421
 Armour: Scale mail        |    84 |   124 |    46 ||   254
  Dodge: Dodged            |    72 |    79 |    50 ||   201
  Block: Buckler           |    41 |    50 |    32 ||   123

Table legend: (Time is in decaauts)
 A = Elapsed time spent in this place.
 B = Non-inter-level travel time spent in this place.
 C = Inter-level travel time spent in this place.
 D = Time resting spent in this place.
 E = Time spent auto-exploring this place.
 F = Levels seen in this place.
 G = Mean time per level.
                   A        B        C        D        E       F      G
               +--------+--------+--------+--------+--------+-----+--------+
         Total |   4394 |   4248 |    146 |    495 |   2740 |   4 | 1098.5 |
       Dungeon |   4394 |   4248 |    146 |    495 |   2740 |   4 | 1098.5 |
               +--------+--------+--------+--------+--------+-----+--------+

Top non-repeatable levels by time:
     D:1: 1433 daAuts
     D:2: 1268 daAuts
     D:3: 1025 daAuts
     D:4: 666 daAuts
